 Dungeon Crawl Stone Soup version 0.22.0 (webtiles) character file.

28 phizon the Stinger (level 3, -6/25 HPs)
             Began as a Merfolk Venom Mage on Aug 10, 2018.
             Mangled by Terence
             ... wielding a +0 flail
              (9 damage)
             ... on level 2 of the Dungeon.
             The game lasted 00:34:42 (1572 turns).

phizon the Stinger (Merfolk Venom Mage)             Turns: 1572, Time: 00:34:43

Health: -6/25      AC:  0    Str:  8    XL:     3   Next: 14%
Magic:  3/6        EV: 13    Int: 15    God:    Xom [.....*]
Gold:   59         SH:  0    Dex: 14    Spells: 5/6 levels left

rFire    . . .     SeeInvis .   t - +0 short sword
rCold    . . .     Gourm    .   (no shield)
rNeg     + . .     Faith    .   (no armour)
rPois    .         Spirit   .   (no helmet)
rElec    .         Reflect  .   (no cloak)
rCorr    .         Harm     .   (no gloves)
MR       .....                  (no boots)
Stlth    ++........             (no amulet)
HPRegen  0.08/turn              j - ring of positive energy
MPRegen  0.10/turn              (no ring)

@: no status effects
A: change form in water, swift swim, stealthy swim
a: Renounce Religion


You were on level 2 of the Dungeon.
You worshipped Xom.
You were Xom's teddy bear.
You were not hungry.

You visited 1 branch of the dungeon, and saw 2 of its levels.

You collected 59 gold pieces.

Inventory:

Hand Weapons
 e - a +0 dagger
 f - a +0 whip
 h - a +0 dagger
 l - a +0 short sword
 m - a +0 short sword
 p - a +0 mace
 q - a +0 whip
 r - a +0 club
 s - a +0 club
 t - a +0 short sword (weapon)
Missiles
 g - 4 stones (quivered)
 n - 18 bolts
Armour
 a - a +0 robe
 c - a +0 ring mail
 k - a +0 robe
Jewellery
 j - a ring of positive energy (left hand)
Scrolls
 b - a scroll of fear
 d - a scroll of identify
Potions
 o - a potion of haste


   Skills:
 + Level 0.8 Fighting
 + Level 0.1 Maces & Flails
 + Level 2.9 Dodging
 + Level 2.5 Stealth
 + Level 2.2 Spellcasting
 + Level 0.8 Conjurations
 + Level 3.9 Poison Magic


You had 5 spell levels left.
You knew the following spells:

 Your Spells              Type           Power        Failure   Level  Hunger
a - Sting                 Conj/Pois      #...         9%          1    #......

Your spell library contained the following spells:

 Spells                   Type           Power        Failure   Level  Hunger
 Mephitic Cloud           Conj/Pois/Air  #.......     34%         3    ###....
 Venom Bolt               Conj/Pois      #.........   92%         5    ######.
 Olgreb's Toxic Radiance  Pois           ##......     38%         4    #####..
 Poisonous Vapours        Pois/Air       #.....       14%         2    ###....


Dungeon Overview and Level Annotations

Branches:
Dungeon (2/15)

Altars:
Xom

Annotations:
D:2 Terence


Message History

t - a +0 short sword (weapon)
Your cursed +0 robe is stuck to your body!
As you read the scroll labeled SANOEGUOTI, it crumbles to dust.
You feel as if something is helping you.
It was a scroll of remove curse.
Keep disrobing? [Y]es or [N]o only, please.
Keep disrobing?
You start removing your armour.
You continue taking off your +0 robe. x4
You finish taking off your +0 robe.
Keep equipping yourself?
You start putting on your armour.
You continue putting on your ring mail. x2
Terence hits you with a flail.
* * * LOW HITPOINT WARNING * * *
You continue putting on your ring mail.
Terence misses you.
You continue putting on your ring mail.
Terence hits you with a flail!
You die...
Xom laughs nastily!

#.......# ######## ...
#.......# #(.....# ...
#?......# #......# ..!
#.......# #......# ...
#.......#####......# ....
#.......+..........# ....
#.......#####...(..#.....
#.......#####......#.....
####>..@@................
#.#.######......#.....
#.#.######......#.....
#.#.....##......#.....
#.#.............#.....
#@#####.##......#.....
#......†††.÷....<.....
####.###.###.###......
### #.# #.# #.#####


You could see Terence.

Vanquished Creatures
  2 dart slugs (D:1)
  2 bats (D:1)
  A giant cockroach (D:1)
  A goblin (D:1)
  4 hobgoblins (D:1)
  3 frilled lizards (D:2)
  6 kobolds
  7 rats
26 creatures vanquished.

Notes
Turn   | Place    | Note
-------+----------+-------------------------------------------
     0 | D:1      | phizon the Merfolk Venom Mage began the quest for the Orb.
     0 | D:1      | Reached XP level 1. HP: 13/13 MP: 3/3
   348 | D:1      | Found a shimmering altar of Xom.
   576 | D:1      | Reached XP level 2. HP: 20/20 MP: 3/5
  1190 | D:1      | Became a worshipper of Xom of Chaos
  1265 | D:2      | XOM: harmless Pois miscast
  1269 | D:2      | Reached XP level 3. HP: 25/25 MP: 1/6
  1365 | D:2      | HP: 1/25 [kobold/club (3)]
  1389 | D:2      | XOM: harmless Fire miscast
  1400 | D:2      | XOM: silly message
  1408 | D:2      | XOM: potion effect (agility)
  1413 | D:2      | Noticed Terence
  1413 | D:2      | XOM: potion effect (haste)
  1543 | D:2      | XOM: scenery: 1 doors close
  1556 | D:2      | XOM: 3-stop teleportation journey
  1572 | D:2      | Mangled by Terence

Action                   || total
-------------------------++-------
Melee: Dagger            ||    45
       Whip              ||    13
       Mace              ||    34
       Short sword       ||     7
Throw: Stone             ||     1
 Cast: Sting             ||    29
  Use: Scroll            ||     3
 Stab: Sleeping          ||     1
  Eat: Ration            ||     1
Armor: Robe              ||    29
Dodge: Dodged            ||    76
